 Dungeon Crawl Stone Soup version 0.31-a0-354-g827e0957a7 (webtiles) character file.

Game seed: 14217142964371666473

7259 Bnni the Mimic (level 11, 0/77 HPs)
             Began as an Octopode Shapeshifter on July 24, 2023.
             Was an Initiate of Gozag.
             Slain by a yak (7 damage)
             ... on level 10 of the Dungeon.
             The game lasted 00:14:27 (10788 turns).

Bnni the Mimic (Octopode Shapeshifter)             Turns: 10788, Time: 00:14:27

Health: 0/77       AC:  1    Str: 15    XL:     11   Next: 12%
Magic:  0/11       EV: 14    Int: 10    God:    Gozag
Gold:   1558       SH:  4    Dex: 17    Spells: 10/10 levels left

rFire   . .          .
                       - Unarmed
rCold   . . .        a - +0 buckler
rNeg    . . .        (helmet currently unavailable)
rPois   .            D - amulet of guardian spirit
rElec   .            d - ring of see invisible
rCorr   .            E - ring of flight
SInv    +            (no ring)
Will    .....        (no ring)
Stlth   +++          (no ring)
HPRegen 0.32/turn    (no ring)
MPRegen 0.12/turn    (no ring)
                     (no ring)

%: guardian spirit
@: beast-form, gold aura, flying
A: beast (slay +7), almost no armour, amphibious, 8 rings, camouflage 1,
gelatinous body 1, (nimble swimmer 1), tentacles
a: Begin Untransformation, Renounce Religion, Potion Petition, Call Merchant,
Bribe Branch


You were on level 10 of the Dungeon.
You worshipped Gozag.
Gozag was most pleased with you.
You were a hulking beast.
You visited 1 branch of the dungeon, and saw 10 of its levels.

You collected 1619 gold pieces.
You paid 61 gold pieces to Gozag.

Inventory:

Hand Weapons
 k - a +3 dagger of electrocution
Missiles
 o - 13 poisoned darts
Armour
 a - a +0 buckler (worn)
Jewellery
 d - a ring of see invisible (left tentacle)
 v - an amulet of reflection
 D - an amulet of guardian spirit (around mantle)
 E - a ring of flight (right tentacle)
Talismans
 b - a beast talisman
Wands
 s - a wand of charming (5)
 w - a wand of iceblast (28)
 A - a wand of flame (10)
Scrolls
 e - 4 scrolls of poison
 f - 5 scrolls of noise {unknown}
 j - 2 scrolls of revelation {unknown}
 l - a scroll of blinking {unknown}
 m - 3 scrolls of teleportation
 n - a scroll of butterflies {unknown}
 p - 5 scrolls of fog {unknown}
 t - 4 scrolls of fear {unknown}
 u - a scroll of immolation
 y - 2 scrolls of torment {unknown}
 z - 2 scrolls of amnesia {unknown}
 C - a scroll of enchant armour
 F - a scroll of silence {unknown}
Potions
 c - 5 potions of curing
 g - a potion of brilliance
 h - a potion of magic
 i - a potion of invisibility {unknown}
 q - a potion of attraction {unknown}
 r - a potion of berserk rage {unknown}
 x - a potion of resistance {unknown}
 B - a potion of enlightenment {unknown}


   Skills:
 + Level 8.2 Fighting
 + Level 4.2 Dodging
 + Level 8.7 Unarmed Combat
 * Level 10.3 Shapeshifting


You had 10 spell levels left.
You didn't know any spells.
Your spell library contained the following spells:

 Spells                   Type           Power      Damage    Failure   Level
 Volatile Blastmotes      Fire/Tloc      0%         2d10      83%         3
 Summon Forest            Summ/Tloc      0%         N/A       100%        5
 Eringya's Noxious Bog    Tmut/Pois      0%         4d6       100%        6
 Malign Gateway           Summ/Tloc      0%         N/A       100%        7
 Summon Hydra             Summ           0%         N/A       100%        7


Dungeon Overview and Level Annotations

Branches:
Dungeon (10/15)            Temple (0/1) D:5            Lair (0/5) D:8
    Orc: D:9-12

Altars:
Ashenzari
Dithmenos
Gozag
Nemelex Xobeh
Qazlal
Vehumet
Wu Jian

Annotations:
D:7 1 runed translucent door
D:10 Grum


Innate Abilities, Weirdness & Mutations

You are a hulking beast.
Your limbs bulge with bestial killing power. (Slay +7)
You cannot wear most types of armour.
You are amphibious.
You can wear up to eight rings at the same time.
Your skin changes colour to match your surroundings (Stealth+).
Your rubbery body absorbs attacks. (AC +1, EV +1)
((You are camouflaged when in or above water. (Stealth+)))
You have tentacles for arms and can constrict up to eight enemies at once.


Message History

The yak snorts and paws the ground.
The yak closely misses you.
The yak bellows!
You bludgeon the yak!
The yak is moderately wounded.
The yak gores you!
You barely miss the yak.
Your tentacle-slap misses the yak.
Your squeeze misses the yak.
The yak is moderately wounded.
You completely miss the yak.
The yak is moderately wounded.
The yak completely misses you. The yak gores you!!
You are too injured to fight recklessly!
You bludgeon the yak!
The yak is severely wounded.
The yak is no longer distracted by gold.
You bludgeon the yak! You squeeze the yak!
You kill the yak!
You block the yak's attack.
You tentacle-slap the yak. You squeeze the yak!
The yak is moderately wounded.
The yak gores you!
You bludgeon the yak! You squeeze the yak.
The yak is almost dead.
The yak misses you.
You bludgeon the yak!
You kill the yak!
You completely miss the yak.
The yak is moderately wounded.
The yak gores you!
* * * LOW HITPOINT WARNING * * *
You tentacle-slap the yak. You squeeze the yak.
The yak is heavily wounded.
The yak gores you!
* * * LOW HITPOINT WARNING * * *
You bludgeon the yak!
Your tentacle-slap misses the yak.
The yak is severely wounded.
The yak gores you!
You die...
Your body crumbles into a pile of gold.

......# #...?....#
......# #........#
......# ###........#
......# #..........#
......# #........#
......+ #...>$Y..#
......# ####.#####
......# #.Y$# ##+####
###h## #...# #..#
###.# #####.###
####.#### #.......#
#.......# ###.......#
........###....(....#
#.......##..#.......#
#..........##.......#
#.......#####.......#


You could see a yak.

Vanquished Creatures
  Pikel (D:7)
  Maurice (D:8)
  A hornet (D:9)
  Prince Ribbit (D:7)
  8 yaks
  A vampire (D:10)
  2 wyverns
  A steam dragon (D:8)
  A vampire mosquito (D:7)
  Duvessa (D:7)
  4 orc warriors
  2 black bears
  2 ogres
  2 ice beasts
  2 wolves (D:10)
  2 centaurs
  A lemure (D:7)
  A kobold brigand (D:5)
  4 bullfrogs
  7 scorpions
  8 wights (D:8)
  Dowan (D:7)
  11 killer bees
  3 jellies
  A howler monkey (D:4)
  4 hounds
  4 orc priests
  A gnoll bouda (D:5)
  2 sleepcaps
  Jessica (D:3)
  8 orc wizards
  Natasha (thrice) (D:3)
  Robin (D:2)
  7 gnolls
  9 adders
  2 shadow imps
  2 white imps
  5 worms
  The ghost of Kiciri the Covert, a weakling GnDe (D:5)
  3 dart slugs
  31 orcs
  14 ball pythons
  7 endoplasms
  10 giant cockroaches
  16 goblins
  11 hobgoblins
  8 jackals
  14 kobolds
  6 quokkas
  3 bats
  4 frilled lizards
  8 rats
  2 butterflies (D:7)
256 creatures vanquished.

Vanquished Creatures (collateral kills)
  A yak (D:5)
1 creature vanquished.

Vanquished Creatures (others)
  A wolf (D:10)
1 creature vanquished.

Grand Total: 258 creatures vanquished

Notes
Turn   | Place    | Note
-------+----------+-------------------------------------------
     0 | D:1      | Bnni the Octopode Shapeshifter began the quest for the Orb.
     0 | D:1      | Reached XP level 1. HP: 13/13 MP: 1/1
   110 | D:1      | Reached XP level 2. HP: 13/18 MP: 2/2
   250 | D:1      | Reached XP level 3. HP: 21/23 MP: 3/3
   571 | D:1      | You fall into a shaft and drop 1 floor!
  1036 | D:2      | Reached XP level 4. HP: 29/29 MP: 4/4
  1134 | D:2      | Noticed Robin
  1149 | D:2      | Killed Robin
  1282 | D:2      | Reached skill level 4 in Shapeshifting
  1310 | D:2      | Found the +5 Lochaber axe {reach-cleave, Poleaxe Drain}
  1522 | D:2      | Reached XP level 5. HP: 34/34 MP: 5/5
  1807 | D:3      | Noticed Natasha
  1811 | D:3      | Killed Natasha
  2024 | D:3      | Found a radiant altar of Vehumet.
  2034 | D:3      | Found an ornate altar of the Wu Jian Council.
  2044 | D:3      | Noticed Jessica
  2051 | D:3      | Killed Jessica
  2343 | D:3      | Noticed Natasha
  2353 | D:3      | Killed Natasha
  2354 | D:3      | Reached XP level 6. HP: 21/41 MP: 6/6
  2665 | D:3      | Noticed Natasha
  2681 | D:3      | Killed Natasha
  2882 | D:4      | Noticed a black bear
  2890 | D:4      | Killed a black bear
  3047 | D:4      | Reached skill level 5 in Shapeshifting
  3251 | D:4      | Reached XP level 7. HP: 45/46 MP: 7/7
  3894 | D:4      | Found an opulent altar of Gozag.
  3900 | D:4      | Became a worshipper of Gozag Ym Sagoz the Greedy
  4144 | D:5      | Entered Level 5 of the Dungeon
  4486 | D:5      | Found a runed translucent gate.
  4486 | D:5      | Found a runed translucent gate.
  4486 | D:5      | Found a runed translucent gate.
  4487 | D:5      | Noticed Kiciri's ghost (weakling GnDe)
  4498 | D:5      | Reached skill level 5 in Unarmed Combat
  4579 | D:5      | Noticed a yak
  4579 | D:5      | Noticed a yak
  4579 | D:5      | Noticed a yak
  4580 | D:5      | Noticed a yak
  4582 | D:5      | Noticed a yak
  4600 | D:5      | Killed a yak
  4601 | D:5      | Reached skill level 6 in Shapeshifting
  4601 | D:5      | Reached XP level 8. HP: 30/54 MP: 8/8
  4604 | D:5      | Killed a yak
  4618 | D:5      | Killed a yak
  4623 | D:5      | HP: 4/81 [yak (6)]
  4635 | D:5      | Killed a yak
  4636 | D:5      | Reached skill level 5 in Fighting
  4794 | D:5      | Killed a yak
  4795 | D:5      | Reached skill level 7 in Shapeshifting
  4920 | D:5      | Found a staircase to the Ecumenical Temple.
  5064 | D:5      | Found a sparkling altar of Nemelex Xobeh.
  5258 | D:5      | Reached XP level 9. HP: 54/61 MP: 9/9
  5264 | D:5      | Killed Kiciri's ghost
  6080 | D:7      | Noticed Prince Ribbit
  6087 | D:7      | Killed Prince Ribbit
  6088 | D:7      | Reached skill level 8 in Shapeshifting
  6106 | D:7      | Noticed Duvessa
  6111 | D:7      | Noticed Dowan
  6113 | D:7      | Killed Duvessa
  6117 | D:7      | Killed Dowan
  6700 | D:7      | Noticed Pikel
  6713 | D:7      | Killed Pikel
  6714 | D:7      | Reached skill level 9 in Shapeshifting
  6714 | D:7      | Reached XP level 10. HP: 15/71 MP: 10/10
  6907 | D:7      | Found a runed translucent door.
  6909 | D:7      | Found a runed translucent door.
  7624 | D:8      | Noticed Maurice
  7632 | D:8      | Killed Maurice
  7988 | D:8      | Found a staircase to the Lair.
  8242 | D:8      | Found a shadowy altar of Dithmenos.
  9818 | D:9      | Reached skill level 10 in Shapeshifting
  9885 | D:9      | Found a stormy altar of Qazlal.
 10339 | D:10     | Entered Level 10 of the Dungeon
 10341 | D:10     | Found a broken altar of Ashenzari.
 10351 | D:10     | Noticed Grum
 10366 | D:10     | Reached XP level 11. HP: 19/77 MP: 3/11
 10627 | D:10     | Got the Opusculum on Convocation and Wildfire
 10788 | D:10     | Slain by a yak

Illustrated notes

Levels and vault maps discovered:
D:1:      lemuel_arrival_river_ford, layout_basic
D:2:      layout_loops_cross, minmay_box_of_dots, uniq_robin
D:3:      layout_loops_corners, nicolae_overflow_hidden_temple, moated_statue,
          hangedman_decor_points, uniq_natasha, uniq_jessica
D:4:      layout_basic, grunt_gozag_statues, st_stairs_4,
          kennysheep_flooded_box, hangedman_minor_gate_pass
D:5:      layout_rooms, nemelex_dance_club_becter,
          minmay_temple_entry_proselytizer, gammafunk_ghost_nasty_kobolds
D:6:      layout_cave_pools, serial_bayou, serial_bayou_shore_b,
          serial_bayou_shore_b, serial_bayou_pond_a, serial_bayou_shore_b,
          serial_bayou_pond_d, serial_bayou_crossing, solitary_fountain
D:7:      lemuel_insect_pit, layout_basic, minmay_misc_feat_doors, st_stairs_2,
          hangedman_decor_lopped, hangedman_decor_opposing, uniq_duvessa,
          uniq_pikel, uniq_prince_ribbit1
D:8:      layout_basic, mainiacjoe_overflow_small_starburst, lair_entry_dummy,
          uniq_maurice
D:9:      layout_big_octagon, mainiacjoe_overflow_chevrons
D:10:     layout_roguey, mainiacjoe_overflow_six_doors_small, minmay_radiant,
          uniq_grum

Skill      XL: |  1  2  3  4  5  6  7  8  9 10 11 |
---------------+----------------------------------+-----
Fighting       | 2 3 4 5 7 8 |  8.2
Shapeshifting  | 4 5 6 7 9 10 | 10.3
Unarmed Combat | 4 5 6 7 8 |  8.7
Dodging        | 3 4 |  4.2

Action                     |  1- 3 |  4- 6 |  7- 9 | 10-12 || total
---------------------------+-------+-------+-------+-------++-------
  Melee: Unarmed           |    57 |    17 |       |    60 ||   134
         Tentacles         |    11 |    19 |    37 |    46 ||   113
         Constrict         |    13 |    29 |    47 |    34 ||   123
         Punch             |     3 |     6 |    15 |    16 ||    40
         Dagger            |       |    84 |   192 |   101 ||   377
  Throw: Dart              |       |     3 |       |     7 ||    10
  Evoke: Wand              |       |       |    13 |     4 ||    17
    Use: Scroll            |       |     4 |     5 |       ||     9
         Potion            |       |       |     9 |       ||     9
   Stab: Sleeping          |     9 |    12 |     4 |     4 ||    29
         Distracted        |       |     2 |     1 |       ||     3
 Armour: Skin              |       |     5 |    31 |     6 ||    42
  Dodge: Dodged            |    22 |    42 |    77 |    87 ||   228
  Block: Buckler           |       |       |    18 |    30 ||    48

Table legend: (Time is in decaauts)
 A = Elapsed time spent in this place.
 B = Non-inter-level travel time spent in this place.
 C = Inter-level travel time spent in this place.
 D = Time resting spent in this place.
 E = Time spent auto-exploring this place.
 F = Levels seen in this place.
 G = Mean time per level.
                   A        B        C        D        E       F      G
               +--------+--------+--------+--------+--------+-----+--------+
         Total |  10790 |  10479 |    311 |   1443 |   7381 |  10 | 1079.0 |
       Dungeon |  10790 |  10479 |    311 |   1443 |   7381 |  10 | 1079.0 |
               +--------+--------+--------+--------+--------+-----+--------+

Top non-repeatable levels by time:
     D:8: 2156 daAuts
     D:4: 1734 daAuts
     D:7: 1354 daAuts
     D:3: 1086 daAuts
     D:9: 948 daAuts
     D:5: 871 daAuts
     D:1: 852 daAuts
     D:2: 845 daAuts
     D:6: 670 daAuts
    D:10: 271 daAuts
